 Dungeon Crawl Stone Soup version 0.27.1-33-g824d729ab1 (webtiles) character file.

Game seed: 4551504966177702546

25 safid the Skirmisher (level 3, 0/33 HPs)
             Began as a Hill Orc Fighter on Nov 26, 2021.
             Slain by a giant cockroach (1 damage)
             ... on level 3 of the Dungeon.
             The game lasted 00:03:14 (1760 turns).

safid the Skirmisher (Hill Orc Fighter)             Turns: 1760, Time: 00:03:15

Health: 0/33       AC:  2    Str: 19    XL:     3   Next: 6%
Magic:  3/3        EV:  5    Int:  8    God:
Gold:   99         SH: 13    Dex: 10    Spells: 2/2 levels left

rFire    . . .     SeeInvis .   a - +0 war axe
rCold    . . .     Faith    .   f - +0 tower shield
rNeg     + . .     Spirit   .   b - +0 scale mail
rPois    .         Reflect  .   (no helmet)
rElec    .         Harm     .   (no cloak)
rCorr    .         Rampage  .   (no gloves)
Will     .....                  (no boots)
Stlth    ..........             (no amulet)
HPRegen  0.11/turn              e - ring of positive energy
MPRegen  0.08/turn              (no ring)

@: corroded
A: no striking features
a: no special abilities


You were on level 3 of the Dungeon.
You visited 1 branch of the dungeon, and saw 3 of its levels.

You collected 99 gold pieces.

Inventory:

Hand Weapons
 a - a +0 war axe (weapon)
Armour
 b - a +0 scale mail (worn)
 f - a +0 tower shield (worn)
Jewellery
 e - a ring of positive energy (left hand)
Scrolls
 h - a scroll of enchant weapon {unknown}
 i - a scroll of teleportation {unknown}
 j - a scroll of amnesia {unknown}
Potions
 c - 3 potions of curing {unknown}
 d - a potion of might
 g - a potion of mutation {unknown}
 k - a potion of haste {unknown}


   Skills:
 - Level 4.0 Fighting
 + Level 3.5 Axes
 - Level 3.2 Armour
 + Level 3.8 Shields


You had 2 spell levels left.
You didn't know any spells.
Your spell library contained the following spells:

 Spells                   Type           Power      Damage    Failure   Level
 Blink                    Tloc           N/A        N/A       100%        2
 Lesser Beckoning         Tloc           0%         N/A       100%        3
 Manifold Assault         Tloc           0%         N/A       100%        5


Dungeon Overview and Level Annotations

Branches:
Dungeon (3/15)

Altars:

Annotations:
D:3 Ijyb


Message History

The hobgoblin hits you but does no damage.
You block the hobgoblin's attack.
You closely miss the hobgoblin. You block the hobgoblin's attack. x2
You slash the hobgoblin!
You kill the hobgoblin!
No target in view!
Done exploring.
(D) Dungeon
Where to? (Enter - D:2, ? - help)
There is an open door here.
There is a stone staircase leading down here.
You climb downwards.
There is a stone staircase leading up here.
A rat is nearby!
Unknown command.
The rat bites you but does no damage.
You closely miss the rat. You block the rat's attack.
You slash the rat!
You kill the rat!
No target in view!
You open the door.
Ijyb the Twisted Goblin comes into view.
She is wielding a +0 dagger and carrying a wand of acid (13).
Ijyb grins evilly.
Ijyb moves out of view.
There is an open door here.
A giant cockroach comes into view.
Ijyb zaps a wand.
The bolt of acid hits you! The acid corrodes you!
You are splashed with acid!
* * * LOW HITPOINT WARNING * * *
You closely miss Ijyb. Ijyb screams, "Me kill you!" You block Ijyb's attack. x2
Unknown command.
You slash Ijyb!
Ijyb is moderately wounded.
You block Ijyb's attack. You block the giant cockroach's attack.
Ijyb hits you with a +0 dagger.
* * * LOW HITPOINT WARNING * * *
The giant cockroach bites you.
You die...

## ..... ##
.##...# ...
..#...# #..#
.#...#
...###.... ####
#.#....... .....
#......Bg♣......
#.....@.......
#####.....####
##.'#...#..#
#...#...# ..#
#<.##...# #
####....# #####


You could see Ijyb and a giant cockroach.

Vanquished Creatures
  A ball python (D:1)
  An endoplasm (D:2)
  3 giant cockroaches
  3 goblins
  4 hobgoblins
  2 kobolds (D:2)
  A quokka (D:2)
  2 bats
  A frilled lizard (D:2)
  4 rats
22 creatures vanquished.

Vanquished Creatures (others)
  A plant (D:1)
1 creature vanquished.

Grand Total: 23 creatures vanquished

Notes
Turn   | Place    | Note
-------+----------+-------------------------------------------
     0 | D:1      | safid the Hill Orc Fighter began the quest for the Orb.
     0 | D:1      | Reached XP level 1. HP: 19/19 MP: 1/1
   521 | D:1      | Reached XP level 2. HP: 27/27 MP: 2/2
   701 | D:1      | Found a faded altar of an unknown god.
   971 | D:2      | Reached skill level 4 in Fighting
  1566 | D:2      | Reached XP level 3. HP: 32/33 MP: 3/3
  1755 | D:3      | Noticed Ijyb
  1760 | D:3      | HP: 1/33 [Ijyb (4)]
  1760 | D:3      | Slain by a giant cockroach

Illustrated notes

Levels and vault maps discovered:
D:1:      kennysheep_arrival_seaside, layout_loops_ring,
          hellmonk_ecumenical_altar_inner_sanctum
D:2:      layout_basic, dk_noncrumbling_3
D:3:      layout_basic, grunt_temple_overflow_gold_and_silver,
          grunt_ministairs_6, uniq_ijyb

Skill      XL: |  1  2 |
---------------+-------+-----
Axes           | 3 |  3.5
Fighting       | 4 |  4.0
Armour         | |  3.2
Shields        | |  3.8

Action                   || total
-------------------------++-------
Melee: War axe           ||    75
Armor: Scale mail        ||    31
Dodge: Dodged            ||    13
Block: Tower shield      ||    54
       Kite shield       ||     5
